 Dungeon Crawl Stone Soup version 0.31-a0-365-gcf821cafb2 (webtiles) character file.

Game seed: 4465837249781355943

693 LeprechaunX the Changeling (level 7, -6/48 HPs)
             Began as an Octopode Shapeshifter on July 27, 2023.
             Mangled by an ogre
             ... wielding a +0 giant spiked club
              (25 damage)
             ... on level 5 of the Dungeon.
             The game lasted 00:04:39 (3689 turns).

LeprechaunX the Changeling (Octopode Shapeshifter)  Turns: 3689, Time: 00:04:39

Health: -6/48      AC:  1    Str: 16    XL:     7   Next: 64%
Magic:  9/9        EV: 13    Int: 17    God:
Gold:   185        SH:  0    Dex: 12    Spells: 3/8 levels left

rFire   . .          .
                       - Unarmed
rCold   . . .        (no shield)
rNeg    . . .        (helmet currently unavailable)
rPois   .            (no amulet)
rElec   .            r - +6 ring of intelligence
rCorr   .            (no ring)
SInv    .            (no ring)
Will    .....        (no ring)
Stlth   ++           (no ring)
HPRegen 0.28/turn    (no ring)
MPRegen 0.11/turn    (no ring)
                     (no ring)

%: no passive effects
@: beast-form
A: beast (slay +4), almost no armour, amphibious, 8 rings, camouflage 1,
gelatinous body 1, (nimble swimmer 1), tentacles
a: Begin Untransformation


You were on level 5 of the Dungeon.
You were a hulking beast.
You visited 1 branch of the dungeon, and saw 5 of its levels.

You collected 185 gold pieces.

Inventory:

Missiles
 m - 10 boomerangs
Jewellery
 r - a +6 ring of intelligence (left tentacle)
Talismans
 b - a beast talisman
 i - a maw talisman
Wands
 a - a wand of charming (13)
 p - a wand of iceblast (5)
Scrolls
 c - 5 scrolls of identify {unknown}
 e - 2 scrolls of poison {unknown}
 h - 4 scrolls of teleportation {unknown}
 j - a scroll of vulnerability {unknown}
 k - a scroll of torment {unknown}
 n - a scroll of immolation {unknown}
 s - a scroll of amnesia {unknown}
Potions
 d - a potion of heal wounds {unknown}
 f - a potion of haste {unknown}
 g - a potion of resistance {unknown}
 l - a potion of degeneration {unknown}
 o - 4 potions of curing {unknown}
 q - a potion of invisibility {unknown}


   Skills:
 - Level 4.0 Fighting
 - Level 2.0 Dodging
 - Level 4.0 Unarmed Combat
 + Level 1.3 Spellcasting
 + Level 6.0 Shapeshifting


You had 3 spell levels left.
You knew the following spells:

 Your Spells              Type           Power      Damage    Failure   Level
a - Wereblood             Tmut           1%         N/A       30%         2
b - Ozocubu's Armour      Ice            1%         N/A       52%         3

Your spell library contained the following spells:

 Spells                   Type           Power      Damage    Failure   Level
 Kiss of Death            Conj/Necr      4%         2d5       21%         1
 Sublimation of Blood     Necr           1%         N/A       30%         2
 Confusing Touch          Hex            1%         N/A       52%         3
 Dispel Undead            Necr           1%         3d6       90%         4
 Ozocubu's Refrigeration  Ice            0%         4d7       100%        7
 Summon Hydra             Summ           0%         N/A       100%        7


Dungeon Overview and Level Annotations

Branches:
Dungeon (5/15)
 Temple: D:4-7

Altars:
Vehumet


Innate Abilities, Weirdness & Mutations

You are a hulking beast.
Your limbs bulge with bestial killing power. (Slay +4)
You cannot wear most types of armour.
You are amphibious.
You can wear up to eight rings at the same time.
Your skin changes colour to match your surroundings (Stealth+).
Your rubbery body absorbs attacks. (AC +1, EV +1)
((You are camouflaged when in or above water. (Stealth+)))
You have tentacles for arms and can constrict up to eight enemies at once.


Message History

Found a stone staircase leading down.
The hound barks!
The hound misses you. The hound closely misses you.
You tentacle-slap the hound. Your grab misses the hound. You squeeze the hound!
The hound is almost dead.
The hound bites you.
You tentacle-slap the hound.
You kill the hound!
No target in view!
There is a stone staircase leading down here.
Found an escape hatch in the floor.
An ogre comes into view. It is wielding a +0 giant spiked club.
The ogre shouts!
An ogre is nearby!
An ogre is nearby!
Found 8 gold pieces.
The ogre barely misses you.
You tentacle-slap the ogre. Your squeeze misses the ogre.
The ogre is lightly wounded.
The ogre hits you with a +0 giant spiked club!!
Ouch! That really hurt!
You are too injured to fight recklessly!
You are too injured to fight recklessly!
Unknown command.
You barely miss the ogre.
The ogre is lightly wounded.
Unknown command.
You bludgeon the ogre!
The ogre is moderately wounded.
The ogre barely misses you.
You tentacle-slap the ogre.
The ogre is heavily wounded.
The ogre closely misses you.
You barely miss the ogre. You squeeze the ogre.
The ogre is severely wounded.
You tentacle-slap the ogre. You squeeze the ogre, but do no damage.
The ogre is almost dead.
The ogre hits you with a +0 giant spiked club!!
Ouch! That really hurt!
You die...

#.##.# #...# #
#.##.# #...#
#.#.##.# ##.##
#....#.########
####...##..>..#
######..##.....#
................#
##########......#
#...hO.#
#.........#
#...........
#...........
#...........
#...........
#........$..
##########..


You could see an ogre.

Vanquished Creatures
  Sigmund (D:3)
  A centaur (D:5)
  An orc priest (D:3)
  2 hounds
  4 orc wizards
  Ijyb (D:3)
  Natasha (thrice) (D:2)
  3 gnolls (D:2)
  4 adders
  A shadow imp (D:3)
  A white imp (D:5)
  2 worms
  2 dart slugs (D:3)
  14 orcs
  7 endoplasms
  3 giant cockroaches
  5 goblins
  4 hobgoblins
  4 quokkas
  8 ball pythons
  A bat (D:1)
  A frilled lizard (D:3)
  6 kobolds
  8 rats
87 creatures vanquished.

Notes
Turn   | Place    | Note
-------+----------+-------------------------------------------
     0 | D:1      | LeprechaunX the Octopode Shapeshifter began the quest for
                  | the Orb.
     0 | D:1      | Reached XP level 1. HP: 13/13 MP: 1/1
    70 | D:1      | Reached XP level 2. HP: 18/18 MP: 2/2
   540 | D:2      | Noticed Natasha
   544 | D:2      | Killed Natasha
   545 | D:2      | Reached XP level 3. HP: 24/24 MP: 3/3
   576 | D:2      | Noticed Natasha
   580 | D:2      | Killed Natasha
   581 | D:2      | Reached XP level 4. HP: 23/29 MP: 4/4
   813 | D:2      | Noticed Natasha
   824 | D:2      | Killed Natasha
   907 | D:2      | You fall into a shaft and drop 1 floor!
  1037 | D:2      | Reached XP level 5. HP: 29/36 MP: 5/5
  1669 | D:3      | Reached skill level 4 in Shapeshifting
  1873 | D:3      | Found a radiant altar of Vehumet.
  1892 | D:3      | Reached XP level 6. HP: 29/43 MP: 6/6
  2215 | D:3      | Noticed Sigmund
  2223 | D:3      | Killed Sigmund
  2224 | D:3      | Reached skill level 5 in Shapeshifting
  2454 | D:3      | Noticed Ijyb
  2471 | D:3      | Killed Ijyb
  2472 | D:3      | Reached XP level 7. HP: 36/48 MP: 7/7
  3339 | D:4      | Learned a level 2 spell: Wereblood
  3343 | D:4      | Learned a level 3 spell: Ozocubu's Armour
  3557 | D:5      | Entered Level 5 of the Dungeon
  3596 | D:5      | Reached skill level 1 in Spellcasting
  3596 | D:5      | Reached skill level 6 in Shapeshifting
  3689 | D:5      | Mangled by an ogre

Illustrated notes

Levels and vault maps discovered:
D:1:      minmay_arrival_hallway, layout_basic
D:2:      layout_basic, uniq_natasha
D:3:      layout_loops_corners, vehumet_crystals, grunt_ministairs_4, uniq_ijyb,
          uniq_sigmund
D:4:      layout_loops_corners
D:5:      layout_basic, hellmonk_okawaru_the_only_friend_you_need, uniq_duvessa

Skill      XL: |  1  2  3  4  5  6  7 |
---------------+----------------------+-----
Fighting       | 2 3 4 |  4.0
Unarmed Combat | 4 |  4.0
Shapeshifting  | 4 5 6 |  6.0
Spellcasting   | 1 |  1.3
Dodging        | |  2.0

Action                     |  1- 3 |  4- 6 |  7- 9 || total
---------------------------+-------+-------+-------++-------
  Melee: Unarmed           |    28 |    96 |    43 ||   167
         Constrict         |    11 |    28 |     9 ||    48
         Tentacles         |     6 |    24 |    11 ||    41
         Punch             |     1 |     3 |     1 ||     5
    Use: Potion            |       |     1 |       ||     1
   Stab: Sleeping          |     4 |     8 |     2 ||    14
         Distracted        |       |     1 |       ||     1
 Armour: Skin              |     1 |     7 |     2 ||    10
  Dodge: Dodged            |     9 |    57 |    19 ||    85

Table legend: (Time is in decaauts)
 A = Elapsed time spent in this place.
 B = Non-inter-level travel time spent in this place.
 C = Inter-level travel time spent in this place.
 D = Time resting spent in this place.
 E = Time spent auto-exploring this place.
 F = Levels seen in this place.
 G = Mean time per level.
                   A        B        C        D        E       F      G
               +--------+--------+--------+--------+--------+-----+--------+
         Total |   3685 |   3469 |    216 |     93 |   2844 |   5 |  737.0 |
       Dungeon |   3685 |   3469 |    216 |     93 |   2844 |   5 |  737.0 |
               +--------+--------+--------+--------+--------+-----+--------+

Top non-repeatable levels by time:
     D:3: 1165 daAuts
     D:2: 997 daAuts
     D:4: 870 daAuts
     D:1: 522 daAuts
     D:5: 130 daAuts
